 Dungeon Crawl Stone Soup version 0.30-b1-2-g02819fbbbe (webtiles) character file.

Game seed: 1492577862955643143

167 raph the Firebug (level 5, 0/28 HPs)
             Began as a Deep Elf Fire Elementalist on Aug 23, 2023.
             Was a Follower of Sif Muna.
             Slain by an adder (1 damage)
             ... on level 3 of the Dungeon.
             The game lasted 00:04:14 (3735 turns).

raph the Firebug (Deep Elf Fire Elementalist)       Turns: 3735, Time: 00:04:14

Health: 0/28       AC:  3    Str:  5    XL:     5   Next: 23%
Magic:  9/12       EV: 12    Int: 22    God:    Sif Muna [*.....]
Gold:   126        SH:  0    Dex: 15    Spells: 2/11 levels left

rFire   . . .        j - +2 dagger (venom)
rCold   . . .        (no shield)
rNeg    . . .        a - +0 robe
rPois   .            k - +0 helmet
rElec   .            (no cloak)
rCorr   .            (no gloves)
SInv    .            (no boots)
Will    .....        i - amulet of faith
Stlth   ++           (no ring)
HPRegen 0.24/turn    (no ring)
MPRegen 0.13/turn

%: faith
@: no status effects
A: no striking features
a: Renounce Religion, Channel Magic


You were on level 3 of the Dungeon.
You worshipped Sif Muna.
Sif Muna was aware of your devotion.
You visited 1 branch of the dungeon, and saw 4 of its levels.

You collected 151 gold pieces.
You spent 25 gold pieces at shops.

Inventory:

Hand Weapons
 j - a +2 dagger of venom (weapon)
Armour
 a - a +0 robe (worn)
 k - a +0 helmet (worn)
Jewellery
 i - an amulet of faith (around neck)
Scrolls
 c - a scroll of immolation
 f - a scroll of teleportation
 l - a scroll of identify
Potions
 b - a potion of magic
 d - a potion of haste
 e - a potion of mutation {unknown}
 g - a potion of flight {unknown}
 h - 2 potions of lignification {unknown}
 m - a potion of ambrosia {unknown}


   Skills:
 - Level 2.4 Dodging
 - Level 2.4 Stealth
 + Level 3.7 Spellcasting
 + Level 3.3 Conjurations
 * Level 5.0 Fire Magic
 + Level 1.2 Invocations


You had 2 spell levels left.
You knew the following spells:

 Your Spells              Type           Power      Damage    Failure   Level
a - Foxfire               Conj/Fire      88%        2x1d8     1%          1
b - Scorch                Fire           52%        2d7       2%          2
c - Inner Flame           Hex/Fire       15%        N/A       12%         3
d - Volatile Blastmotes   Fire/Tloc      30%        2d12      12%         3

Your spell library contained the following spells:

 Spells                   Type           Power      Damage    Failure   Level
 Freeze                   Ice            16%        1d4       12%         1
 Sublimation of Blood     Necr           4%         N/A       17%         2
 Wereblood                Tmut           4%         N/A       17%         2
 Hailstorm                Conj/Ice       11%        3d5       17%         3
 Flame Wave               Conj/Fire      22%        2d8       21%         4
 Frozen Ramparts          Ice            8%         1d2       34%         3
 Ozocubu's Armour         Ice            4%         N/A       34%         3
 Ozocubu's Refrigeration  Ice            2%         4d7       100%        7
 Summon Hydra             Summ           2%         N/A       100%        7


Dungeon Overview and Level Annotations

Branches:
Dungeon (4/15)
 Temple: D:4-7

Altars:
Sif Muna

Shops:
D:2 *

Annotations:
D:4 Robin


Message History

You start resting.
Magic restored.
You climb downwards.
You hear the hiss of flowing sand.
There is an entrance to an ossuary on this level.
Hurry and find it before the portal is buried!
Level annotation: Robin You hear the slow hiss of a very distant avalanche of sand.
The goblin hits you with a +0 club. The goblin closely misses you.
The goblin barely misses you.
Robin roars a battlecry!
The goblins go into a battle-frenzy!
There is a stone staircase leading up here.
The adder bites you. The goblin hits you with a +0 dagger.
The goblin barely misses you. The adder barely misses you.
You climb upwards.
There is a stone staircase leading down, spattered with blood here.
Casting: Foxfire (safe; 1% risk of failure)
Confirm with . or Enter, or press ? or * to list all spells.
You conjure some foxfire!
The goblin barely misses you. The goblin hits you with a +0 dagger.
The goblin hits you with a +0 club. The adder bites you but does no damage.
Casting: Foxfire (safe; 1% risk of failure)
Confirm with . or Enter, or press ? or * to list all spells.
You conjure some foxfire!
The foxfire hits the goblin.
You kill the goblin!
Sif Muna accepts your kill.
The foxfire hits the adder!
The adder is severely wounded.
The adder bites you. The goblin closely misses you.
The goblin hits you with a +0 dagger.
* * * LOW HITPOINT WARNING * * *
Casting: Foxfire (safe; 1% risk of failure)
Confirm with . or Enter, or press ? or * to list all spells.
You conjure some foxfire!
The foxfire hits the goblin.
You kill the goblin!
Sif Muna accepts your kill. The adder bites you.
* * * LOW HITPOINT WARNING * * *
The goblin hits you but does no damage. The adder bites you.
You die...

#...#.#.....#...######.#....#..)
###'##.#.....#........#.#.......)
....##.#.....#.#.#....#......#...
.###.........#.#.#....##.......##
.###.##...####.#.........#.......
..........# #.####'#.####.######
####.##...## #...##...####.#.....
#.###.#.###+#.)..#....#.#.####
#.#..<..#...v@g...........##
#...........v)S#.##...##...##
#.......#....#.#.###....#...##
#.................#.....#.....
#..##.....#..ยง.####.....###.##
#...+.....##.....##.#.........
######'#.....##.#.#.....######...
#....)..#######.#...###.#...####.
#.......#...........###'#...####.


You could see an adder and a goblin (strong, ally target).

Vanquished Creatures
  A hound (D:3)
  An orc priest (D:3)
  3 adders (D:2)
  3 dart slugs
  9 orcs (D:3)
  4 endoplasms
  2 giant cockroaches
  10 goblins
  5 hobgoblins
  12 jackals
  A quokka (D:1)
  5 ball pythons
  2 frilled lizards
  5 rats
63 creatures vanquished.

Vanquished Creatures (others)
  161 foxfires
  5 plants (D:2)
166 creatures vanquished.

Grand Total: 229 creatures vanquished

Notes
Turn   | Place    | Note
-------+----------+-------------------------------------------
     0 | D:1      | raph the Deep Elf Fire Elementalist began the quest for the
                  | Orb.
     0 | D:1      | Reached XP level 1. HP: 10/10 MP: 6/6
   329 | D:1      | Reached XP level 2. HP: 15/15 MP: 4/8
   383 | D:1      | Learned a level 2 spell: Scorch
  1035 | D:1      | Reached skill level 4 in Fire Magic
  1230 | D:2      | Reached XP level 3. HP: 19/19 MP: 5/9
  1315 | D:2      | Learned a level 3 spell: Inner Flame
  1454 | D:2      | Found a shimmering blue altar of Sif Muna.
  1462 | D:2      | Became a worshipper of Sif Muna the Loreminder
  2005 | D:2      | Reached XP level 4. HP: 19/24 MP: 3/10
  2114 | D:2      | Found Norax's Assorted Antiques.
  2288 | D:2      | Bought a scroll labelled XEMAQU ECAFYDO for 25 gold pieces
  2598 | D:2      | Learned a level 3 spell: Volatile Blastmotes
  3273 | D:3      | Reached skill level 5 in Fire Magic
  3273 | D:3      | Reached skill level 1 in Invocations
  3273 | D:3      | Reached XP level 5. HP: 21/28 MP: 7/12
  3638 | D:4      | Noticed Robin
  3643 | D:4      | Reached * piety under Sif Muna
  3735 | D:3      | HP: 1/28 [adder (4)]
  3735 | D:3      | Slain by an adder

Illustrated notes

Levels and vault maps discovered:
D:1:      ncdulo_smallfort, layout_basic
D:2:      layout_loops_ring, serial_shops, nicolae_shop_tiny_statue_garden,
          basic_altar, serial_forest, infiniplex_forest_end_1,
          infiniplex_forest_lined_room_, infiniplex_forest_straight_3,
          infiniplex_forest_lined_1, infiniplex_forest_clump_tiny,
          infiniplex_forest_clump_small, infiniplex_forest_split,
          infiniplex_forest_end_double, infiniplex_forest_straight_2,
          infiniplex_forest_lined_room_2, kennysheep_generic_room_8
D:3:      layout_basic, kennysheep_boxes
D:4:      layout_cave_pools, enter_ossuary_4, grunt_ministairs_11, uniq_grinder,
          uniq_robin, uniq_ijyb

Skill      XL: |  1  2  3  4 |
---------------+-------------+-----
Conjurations   | 2 3 |  3.3
Fire Magic     | 4 5 |  5.0
Invocations    | 1 |  1.2
Dodging        | |  2.4
Stealth        | |  2.4
Spellcasting   | |  3.7

Action                     |  1- 3 |  4- 6 || total
---------------------------+-------+-------++-------
  Melee: Spear             |    11 |       ||    11
         Unarmed           |     1 |       ||     1
         Dagger            |       |     1 ||     1
   Cast: Foxfire           |    70 |    43 ||   113
         Scorch            |    10 |     8 ||    18
         Inner Flame       |       |     1 ||     1
    Use: Scroll            |     4 |     6 ||    10
   Stab: Sleeping          |       |     1 ||     1
 Armour: Robe              |    10 |     5 ||    15
  Dodge: Dodged            |    30 |    11 ||    41
